 Dungeon Crawl Stone Soup version 0.20-a0-837-g0f21a4d (webtiles) character file.

201 M4edhros the Conjurer (level 5, 0/33 HPs)
             Began as an Octopode Conjurer on Mar 8, 2017.
             Was a Believer of Cheibriados.
             Killed from afar by Natasha (9 damage)
             ... with a magic dart
             ... on level 4 of the Dungeon.
             The game lasted 00:03:20 (2813 turns).

M4edhros the Conjurer (Octopode Conjurer)           Turns: 2813, Time: 00:03:21

Health: 0/33       AC:  0    Str:  8 (11) XL:     5   Next: 79%
Magic:  3/8        EV: 20    Int: 18 (21) God:    Cheibriados [**....]
Gold:   182        SH:  0    Dex: 22 (23) Spells: 5/8 levels left

rFire    . . .     SeeInvis .     - Unarmed
rCold    . . .     Gourm    .   (shield currently unavailable)
rNeg     . . .     Faith    .   (helmet currently unavailable)
rPois    .         Spirit   .   (no amulet)
rElec    .         Reflect  .   (ring currently unavailable)
rCorr    .         Harm     .   (ring currently unavailable)
MR       .....                  (ring currently unavailable)
Stlth    +++.......             (ring currently unavailable)
Regen    0.2/turn               (ring currently unavailable)
MPRegen  0.2/turn               (ring currently unavailable)
                                (ring currently unavailable)
                                (ring currently unavailable)

@: bat-form, flying
A: almost no armour, stealthy swim, (amphibious), (8 rings), (constrict 8),
(camouflage 0), (gelatinous body 0)
a: Bend Time, Renounce Religion


You were on level 4 of the Dungeon.
You worshipped Cheibriados.
Cheibriados was pleased with you.
You were hungry.
You were in bat-form.
You visited 1 branch of the dungeon, and saw 4 of its levels.

You collected 182 gold pieces.

Inventory:

Missiles
 e - 38 sling bullets
Jewellery
 f - a +1 ring of evasion (melded)
 h - an uncursed ring of stealth {unknown}
 w - an uncursed ring of protection from fire {unknown}
Scrolls
 c - a scroll of enchant armour {unknown}
 d - a scroll of remove curse {unknown}
 g - 3 scrolls of teleportation {unknown}
 n - a scroll of magic mapping {unknown}
 o - 4 scrolls of noise {unknown}
 q - a scroll of immolation {unknown}
 s - a scroll of fear {unknown}
 u - a scroll of identify {unknown}
 v - a scroll of fog {unknown}
Potions
 i - a potion of resistance {unknown}
 k - a potion of flight
 l - a potion of lignification {unknown}
 m - a potion of invisibility
 p - 2 potions of might {unknown}
 r - 2 potions of degeneration
 x - a potion of agility {unknown}
 z - a potion of brilliance {unknown}
 A - a potion of ambrosia {unknown}
Books
 a - a book of Conjurations

   Spells                             Type                      Level
   a - Magic Dart                     Conjuration                  1
   b - Searing Ray                    Conjuration                  2
   c - Dazzling Spray                 Conjuration/Hexes            3
   d - Fulminant Prism                Conjuration/Hexes            4
   e - Force Lance                    Conjuration/Translocation    4
   f - Iskenderun's Mystic Blast      Conjuration                  4
Comestibles
 b - 4 bread rations
 j - a meat ration
 t - a royal jelly


   Skills:
 + Level 1.3 Fighting
 + Level 2.3 Dodging
 - Level 2.6 Stealth
 * Level 1.0 Unarmed Combat
 * Level 2.2 Spellcasting
 + Level 6.2 Conjurations


You had 5 spell levels left.
You knew the following spells:

 Your Spells              Type           Power        Failure   Level  Hunger
a - Magic Dart            Conj           ###.         1%          1    #......
b - Searing Ray           Conj           ###...       1%          2    ##.....


Dungeon Overview and Level Annotations

Branches:
Dungeon (4/15)
 Temple: D:4-7

Altars:
Cheibriados
Gozag
Nemelex Xobeh
Okawaru
Sif Muna
The Shining One

Annotations:
D:4 Natasha


Innate Abilities, Weirdness & Mutations

You cannot wear most types of armour.
You are very stealthy in the water. (Stealth+)
((You are amphibious.))
((You can wear up to eight rings at the same time.))
((You can use your tentacles to constrict eight enemies at once.))
((Your skin changes colour to match your surroundings (Stealth+).))
((Your rubbery body absorbs attacks. (AC +1, EV +1)))


Message History

You constrict Natasha, but do no damage.
The shadow imp barely misses you. Natasha misses you.
Unknown command.
You completely miss Natasha. You squeeze Natasha, but do no damage.
Natasha is lightly wounded.
You constrict Natasha, but do no damage.
The shadow imp closely misses you. Natasha claws you!
* * * LOW HITPOINT WARNING * * *
Unknown command.
It was a potion of degeneration.
There was something very wrong with that liquid.
You feel weakened.
You feel dopey.
You feel clumsy.
You constrict Natasha. The shadow imp barely misses you.
Natasha zaps a wand.
You turn into a bat.
Your +1 ring of evasion melds into your body.
You lose your grip on Natasha.
It is a wand of polymorph (?/24).
The shadow imp disappears in a puff of smoke!
Natasha casts a spell at you. The magic dart hits you!
You die...

######## ########
#####....>.### #......##
#............#####h###...#
#.###..###.....b......#.#.##
#.# #..#
###.#####...........
##.###..# #># #..#.#.#.###
........# #.# #..#.......
##.###.## #.# ###..###.#####
#.###.######.# #.†.^# .#
#............# #.##.# .#
##....######.# #..<.# #.####
#.# #.####


You could see Natasha.

Vanquished Creatures
  Terence (D:2)
  Natasha (D:4)
  A worker ant (D:4)
  5 adders
  4 worms
  A dart slug (D:1)
  2 leopard geckos
  An orc (D:3)
  3 giant cockroaches
  9 goblins
  10 hobgoblins
  10 jackals (D:3)
  5 kobolds
  A quokka (D:2)
  7 bats
  2 frilled lizards
  A leopard gecko skeleton (D:3)
  3 rats
67 creatures vanquished.

Notes
Turn   | Place    | Note
-------+----------+-------------------------------------------
     0 | D:1      | M4edhros the Octopode Conjurer began the quest for the Orb.
     0 | D:1      | Reached XP level 1. HP: 11/11 MP: 3/3
    85 | D:1      | Reached XP level 2. HP: 5/17 MP: 1/5
   557 | D:2      | Reached XP level 3. HP: 21/21 MP: 1/6
   581 | D:2      | Found a glowing golden altar of the Shining One.
   645 | D:2      | Reached skill level 5 in Conjurations
   648 | D:2      | Found a snail-covered altar of Cheibriados.
   782 | D:2      | Became a worshipper of Cheibriados the Contemplative
   893 | D:2      | Found an opulent altar of Gozag.
  1515 | D:1      | Reached XP level 4. HP: 21/27 MP: 1/7
  1718 | D:2      | Noticed Terence
  1735 | D:2      | Killed Terence
  1735 | D:2      | Reached * piety under Cheibriados
  1813 | D:2      | Found an iron altar of Okawaru.
  1986 | D:2      | Found a deep blue altar of Sif Muna.
  2095 | D:3      | Reached skill level 6 in Conjurations
  2112 | D:3      | Learned a level 2 spell: Searing Ray
  2256 | D:3      | Reached XP level 5. HP: 31/31 MP: 6/8
  2604 | D:3      | Found a sparkling altar of Nemelex Xobeh.
  2679 | D:3      | Reached ** piety under Cheibriados
  2751 | D:4      | Reached skill level 1 in Fighting
  2786 | D:4      | Noticed Natasha
  2792 | D:4      | Killed Natasha
  2792 | D:4      | Reached skill level 1 in Unarmed Combat
  2799 | D:4      | Noticed Natasha
  2813 | D:4      | Killed from afar by Natasha

Vault maps used:
D:1:      enne_arrival_octagon_isle, minmay_strange_pillars, solitary_fountain,
          minmay_stone_trees_small
D:2:      tso_metal_star, okawaru_gym_becter, marbit_many_paths,
          lemuel_blue_sif_altar, first_bread, grunt_gozag_statues, uniq_terence
D:3:      nemelex_altar_shiori, corexii_shack
D:4:      uniq_natasha, uniq_duvessa

Skill      XL: |  1  2  3  4  5 |
---------------+----------------+-----
Conjurations   | 5 6 |  6.2
Fighting       | 1 |  1.3
Unarmed Combat | 1 |  1.0
Dodging        | |  2.3
Stealth        | |  2.6
Spellcasting   | |  2.2

Action                   |  1- 3 |  4- 6 || total
-------------------------+-------+-------++-------
Melee: Unarmed           |    14 |    41 ||    55
       Constrict         |     6 |    11 ||    17
       Tentacles         |     2 |    10 ||    12
 Cast: Magic Dart        |    60 |    67 ||   127
  Use: Potion            |       |     3 ||     3
 Stab: Invisible         |       |     2 ||     2
  Eat: Chunk             |     2 |     3 ||     5
Armor: Skin              |     3 |     4 ||     7
Dodge: Dodged            |    12 |    43 ||    55
